 Dungeon Crawl Stone Soup version 0.31.0-11-ge490571c62 (webtiles) character file.

Game seed: 17087307181922413957

158223 juan097 the Skirmisher (level 17, -11/108 HPs)
             Began as a Tengu Brigand on Feb 2, 2024.
             Was the Champion of Fedhas.
             Killed by an exploding ballistomycete spore (27 damage)
             ... set off by their pet
             ... on level 3 of the Shoals.
             The game lasted 02:03:04 (29153 turns).

juan097 the Skirmisher (Tengu Brigand)             Turns: 29153, Time: 02:03:07

Health: -11/108    AC: 13    Str: 15    XL:     17   Next: 71%
Magic:  24/26      EV: 47    Int: 14    God:    Fedhas [******]
Gold:   1713       SH:  0    Dex: 33    Spells: 23/27 levels left

rFire   + + .        a - +0 orcbow (heavy)
rCold   + . .        (shield currently unavailable)
rNeg    . . .        M - +2 robe {rC+ rF+}
rPois   .            o - +2 hat
rElec   .            X - +2 cloak {rF+}
rCorr   .            g - +2 pair of gloves {Str+3}
SInv    .            (boots unavailable)
Will    +....        i - amulet of faith
Stlth   ++           W - +6 ring of dexterity
HPRegen 0.38/turn    t - +6 ring of dexterity
MPRegen 0.20/turn

%: acrobat, faith
@: confused, acrobatic, flying, studying Evocations
A: beak, talons 3, evasive flight, acrobatic
a: Renounce Religion, Wall of Briars, Grow Ballistomycete, Overgrow, Grow Oklob


You were on level 3 of the Shoals.
You worshipped Fedhas.
Fedhas was exalted by your worship.
You visited 5 branches of the dungeon, and saw 26 of its levels.
You also visited: Ossuary and Volcano.

You collected 3441 gold pieces.
You spent 1728 gold pieces at shops.

Inventory:

Hand Weapons
 a - a +0 heavy orcbow (weapon)
 b - a +2 rapier of freezing
 w - a +3 short sword of venom
 z - a +2 scimitar of flaming
 G - a +0 antimagic hand cannon
 Y - a +2 vampiric scimitar
Missiles
 d - 49 poisoned darts
 e - 5 curare-tipped darts
 n - a throwing net
 F - 10 atropa-tipped darts
Armour
 g - a +2 pair of gloves of strength (worn)
 o - a +2 hat (worn)
 M - a +2 robe of resistance (worn)
 X - a +2 cloak of fire resistance (worn)
Jewellery
 i - an amulet of faith (around neck)
 t - a +6 ring of dexterity (right hand)
 D - a ring of positive energy
 W - a +6 ring of dexterity (left hand)
Wands
 u - a wand of flame (45)
 v - a wand of polymorph (13)
 x - a wand of roots (8)
 O - a wand of light (5)
 T - a wand of paralysis (19)
Scrolls
 c - 2 scrolls of silence
 h - 7 scrolls of amnesia
 k - 2 scrolls of enchant armour
 l - 3 scrolls of fog
 q - 4 scrolls of torment
 s - 2 scrolls of immolation
 y - 4 scrolls of fear
 H - 6 scrolls of teleportation
 J - 5 scrolls of vulnerability
 L - 5 scrolls of revelation
 P - 4 scrolls of poison
 Q - 9 scrolls of blinking
 U - a scroll of butterflies
 V - a scroll of enchant weapon
Potions
 f - 8 potions of curing
 j - 7 potions of heal wounds
 p - 3 potions of attraction
 r - 2 potions of invisibility
 A - 12 potions of lignification
 B - 3 potions of resistance
 E - 7 potions of ambrosia
 I - 2 potions of haste
 K - 2 potions of might
 N - a potion of magic
 R - 3 potions of brilliance
 S - 2 potions of berserk rage
 Z - 2 potions of mutation
Miscellaneous
 m - a sack of spiders (inert)
 C - a lightning rod (4/4)


   Skills:
 - Level 12.6 Fighting
 - Level 10.0 Short Blades
 - Level 14.6 Ranged Weapons
 - Level 5.2 Throwing
 - Level 6.0 Armour
 - Level 12.7 Dodging
 - Level 6.0 Stealth
 + Level 5.7 Spellcasting
 + Level 6.4 Hexes
 + Level 8.3 Translocations
 - Level 8.0 Invocations
 - Level 12.0 Evocations


You had 23 spell levels left.
You knew the following spells:

 Your Spells              Type           Power      Damage    Failure   Level
a - Dimensional Bullseye  Hex/Tloc       12%        N/A       8%          4

Your spell library contained the following spells:

 Spells                   Type           Power      Damage    Failure   Level
 Apportation              Tloc           54%        N/A       1%          1
 Blink                    Tloc           54%        N/A       1%          2
 Jinxbite                 Hex            42%        N/A       1%          2
 Lesser Beckoning         Tloc           54%        N/A       1%          2
 Gell's Gravitas          Tloc           27%        N/A       1%          3
 Teleport Other           Tloc           27%        N/A       1%          3
 Confusing Touch          Hex            21%        N/A       3%          3
 Tukima's Dance           Hex            21%        N/A       3%          3
 Ensorcelled Hibernation  Hex/Ice        24%        N/A       7%          2
 Inner Flame              Hex/Fire       12%        N/A       13%         3
 Kiss of Death            Conj/Necr      12%        2d6       16%         1
 Magic Dart               Conj           12%        1d3       16%         1
 Shock                    Conj/Air       12%        1d3       16%         1
 Sting                    Conj/Alch      12%        1d3       16%         1
 Call Imp                 Summ           6%         N/A       24%         2
 Mercury Vapours          Alch/Air       6%         N/A       24%         2
 Scorch                   Fire           6%         2d5       24%         2
 Searing Ray              Conj           6%         2d4       24%         2
 Static Discharge         Conj/Air       6%         3-4/arc   24%         2
 Iskenderun's Mystic Bla  Conj/Tloc      15%        2d5       28%         4
 Passwall                 Erth           3%         N/A       43%         3
 Swiftness                Air            3%         N/A       43%         3
 Airstrike                Air            1%         2d(1-17)  85%         4
 Animate Armour           Summ/Erth      6%         N/A       85%         4
 Dispel Undead            Necr           3%         3d7       85%         4
 Flame Wave               Conj/Fire      3%         2d5       85%         4
 Fulminant Prism          Conj/Alch      1%         3d5       85%         4
 Olgreb's Toxic Radiance  Alch           3%         N/A       85%         4
 Sticky Flame             Fire/Alch      3%         2d4       85%         4
 Summon Lightning Spire   Summ/Air       3%         N/A       85%         4
 Alistair's Intoxication  Alch           2%         N/A       99%         5
 Lee's Rapid Deconstruct  Erth           1%         3d4*      99%         5
 Summon Cactus Giant      Summ           1%         N/A       100%        6


Dungeon Overview and Level Annotations

Branches:
Dungeon (15/15)            Temple (1/1) D:4            Lair (5/5) D:11
 Shoals (3/4) Lair:2        Snake (0/4) Lair:2        Slime (0/5) Lair:5
    Orc (2/2) D:10            Elf (0/3) Orc:2        Vaults (0/5) D:14
 Depths (0/4) D:15        Ossuary (visited)         Volcano (visited)

Altars:
Ashenzari
Cheibriados
Dithmenos
Elyvilon
Fedhas
Gozag
Hepliaklqana
Kikubaaqudgha
Makhleb
Nemelex Xobeh
Okawaru
Qazlal
Ru
Sif Muna
Trog
Uskayaw
Vehumet
Wu Jian
Xom
Yredelemnul
Zin
The Shining One

Shops:
D:3 :   D:9 [*   Orc:2 !*?=[

Annotations:
D:7 2 transporters, yey's ghost, novice OnGl
D:8 2 transporters
D:12 1 runed translucent door, croobank's ghost, journeyman FeSu


Innate Abilities, Weirdness & Mutations

You have a beak for a mouth.
You have claws for feet.
Your magical flight helps you evade attacks. (EV +4)
You can magically evade attacks while moving or waiting.


Message History

The water elemental barely misses you.
A merfolk comes into view.
It is wielding a +0 trident and quivering 3 throwing nets.
Your ballistomycete spore explodes!
Fedhas protects your plant from harm.
The centaur warrior appears confused.
The explosion of spores engulfs the centaur warrior!!
You kill the centaur warrior!
Fedhas appreciates your contribution to the ecosystem.
You hear a shout! x2
A ballistomycete spore comes into view.
Unknown command.
A nearby plant withers and dies.
The water elemental attacks as it pursues you!
The water elemental completely misses you.
A merfolk impaler comes into view. It is wielding a +0 trident.
Your ballistomycete spore explodes!
Fedhas protects your plant from harm.
The explosion of spores engulfs the water elemental!!
The water elemental is almost destroyed.
The explosion of spores engulfs you!
You are confused.
Fedhas protects your plant from harm.
You hear a shout!
The dream sheep shake their wool and sparkle.
You feel drowsy...
You fall asleep.
The water elemental hits you!!!
You wake up.
* * * LOW HITPOINT WARNING * * *
The merfolk aquamancer casts a spell at you.
The torrent of water hits your ballistomycete spore!
The wave splashes down.
Your ballistomycete spore explodes!
Fedhas protects your plant from harm.
Your ballistomycete spore explodes!
The explosion of spores engulfs the water elemental!!
You destroy the water elemental!
Fedhas accepts your kill. The explosion of spores engulfs you!!
You are more confused.
You die...
Fedhas appreciates your contribution to the ecosystem.

≈~~~~~.... ~~~~PPP
≈~~~~.>...~ ~~~~~PP
≈~~~~..... ~..~~.
~~.~~..... ..)..
~~~......# ...#
.......#.###..##
...m..........P#
...........S...#
..#...<.@P....#
#.....P.P~~.m..P
.....~~).~~~~~~P~~P
PP##..~~≈~~...P~~PP ~
##.~≈≈P~.Y~~~~~~
#...~~....YP...P
PP.~~.~~..m~~.##.
~P≈≈~~≈≈~.~~Y##..~~≈≈≈≈
..~~...Y.~~≈≈≈≈


You could see a merfolk impaler, a sea snake, a merfolk aquamancer, a merfolk, 3
dream sheep and a friendly ballistomycete (summoned).

Vanquished Creatures
  Rupert (D:14)
  An emperor scorpion (D:15)
  An orc warlord (Orc:1)
  A dire elephant (D:15)
  The ghost of Sadonosm the Carver, a journeyman DgSk (Lair:3)
  An ettin (Orc:1)
  3 hydras (Lair:5)
  A merfolk avatar (Shoals:1)
  4 centaur warriors
  3 catoblepae
  5 two-headed ogres
  A death knight (D:14)
  3 boulder beetles
  An alligator snapping turtle (Shoals:1)
  4 orc high priests (Orc:2)
  A tengu warrior (D:14)
  A hell hog (Volcano)
  5 sun demons (Shoals:2)
  14 spriggans
  4 skysharks
  Sonja (Lair:4)
  2 skeletal warriors (D:15)
  4 sea snakes
  An arcanist (D:13)
  2 orc knights
  2 sun moths (Shoals:2)
  5 harpies (Shoals:1)
  4 deep elf pyromancers
  11 ugly things
  6 orc sorcerers
  7 manticores
  5 fauns
  6 cyclopes
  Maurice (D:7)
  A black mamba (shapeshifter) (D:15)
  9 black mambas
  29 elephants
  2 salamanders
  4 kobold blastminers
  3 merfolk sirens
  16 cane toads
  A gargoyle (D:9)
  3 torpor snails
  2 water nymphs
  8 komodo dragons
  An efreet (D:14)
  7 rime drakes
  3 tengu conjurers
  5 merfolk
  3 trolls
  4 hornets
  Grinder (D:6)
  8 polar bears
  4 wind drakes
  13 blink frogs
  Prince Ribbit (D:6)
  11 dream sheep
  6 snapping turtles
  11 slime creatures
  A shadow (D:8)
  2 centaur simulacra
  3 wraiths
  6 wyverns
  5 basilisks
  16 humans
  2 fire bats (Volcano)
  43 yaks
  4 water elementals
  Eustachio (D:4)
  2 wargs (Orc:2)
  6 vampire mosquitoes
  2 steam dragons
  3 nagas (Lair:2)
  An acid dragon (D:10)
  21 water moccasins
  A hell hound (Volcano)
  4 black bears
  22 orc warriors
  A meliai simulacrum (D:14)
  An ice beast (D:5)
  2 sky beasts (D:7)
  3 laughing skulls
  3 ogres
  4 boggarts (Lair:5)
  8 centaurs
  24 wolves
  3 kobold brigands
  14 bullfrogs
  A gnoll sergeant (D:12)
  Blork the orc (D:4)
  3 scorpions
  4 wights (D:7)
  16 killer bees
  3 electric eels
  5 howler monkeys
  2 hounds
  4 bullfrog zombies (Ossuary)
  Crazy Yiuf (D:5)
  A bombardier beetle (D:4)
  39 orc priests
  36 orc wizards
  3 iguanas
  A killer bee zombie (Ossuary)
  3 crocodile zombies (Ossuary)
  A hound zombie (Ossuary)
  11 mummies (Ossuary)
  4 gnolls
  3 adders
  A shadow imp (D:8)
  3 white imps
  2 ufetubi (D:5)
  2 dart slugs
  A ribbon worm (D:3)
  82 orcs
  6 bats
  6 endoplasms
  5 giant cockroaches
  11 goblins
  10 hobgoblins
  A jackal (D:5)
  23 kobolds
  5 quokkas
  2 ball pythons (D:1)
  4 ball python zombies (Ossuary)
  6 frilled lizards
  4 rats
  A ballistomycete spore (D:9)
794 creatures vanquished.

Vanquished Creatures (collateral kills)
  An ugly thing (D:14)
  A faun (Shoals:1)
  A manticore (Shoals:1)
  A kobold blastminer (Orc:2)
  A wind drake (Shoals:1)
  An ogre (Orc:1)
  An orc priest (Orc:1)
  5 orcs
  108 ballistomycete spores
120 creatures vanquished.

Vanquished Creatures (others)
  A two-headed ogre (Volcano)
  A human (D:6)
  A centaur (Volcano)
  An orc priest (D:9)
  2 sleepcaps
  An orc wizard (D:6)
  6 ballistomycete spores
13 creatures vanquished.

Grand Total: 927 creatures vanquished

Notes
Turn   | Place    | Note
-------+----------+-------------------------------------------
     0 | D:1      | juan097 the Tengu Brigand began the quest for the Orb.
     0 | D:1      | Reached XP level 1. HP: 12/12 MP: 2/2
   178 | D:1      | Found a faded altar of an unknown god.
   195 | D:1      | Reached XP level 2. HP: 17/17 MP: 3/3
   572 | D:1      | Reached XP level 3. HP: 19/21 MP: 4/4
  1233 | D:2      | Reached XP level 4. HP: 25/27 MP: 5/5
  1940 | D:3      | You fall into a shaft and drop 2 floors!
  1940 | D:5      | Entered Level 5 of the Dungeon
  2029 | D:4      | Found a sand-covered staircase.
  2043 | D:4      | Reached XP level 5. HP: 31/31 MP: 6/6
  2062 | Ossuary  | Entered an ossuary
  2176 | Ossuary  | Reached skill level 1 in Ranged Weapons
  2250 | Ossuary  | Reached XP level 6. HP: 37/37 MP: 7/7
  2323 | Ossuary  | Reached skill level 2 in Ranged Weapons
  2323 | Ossuary  | Reached skill level 5 in Stealth
  2426 | Ossuary  | Reached skill level 5 in Short Blades
  2472 | Ossuary  | Gained mutation: Your magical flight helps you evade
                  | attacks. (EV +4) [Tengu growth]
  2472 | Ossuary  | Reached XP level 7. HP: 31/41 MP: 8/8
  3006 | D:4      | Reached skill level 3 in Ranged Weapons
  3455 | D:3      | Found Niutifo's Book Emporium.
  3696 | D:4      | Noticed Blork the orc
  3703 | D:4      | Killed Blork the orc
  3704 | D:4      | Reached skill level 4 in Ranged Weapons
  3744 | D:4      | Found a staircase to the Ecumenical Temple.
  3752 | Temple   | Entered the Ecumenical Temple
  3773 | Temple   | Became a worshipper of Fedhas Madash
  3989 | D:4      | Found an iron altar of Okawaru.
  4012 | D:4      | Noticed Eustachio
  4026 | D:4      | Killed Eustachio
  4027 | D:4      | Reached skill level 1 in Armour
  4027 | D:4      | Reached XP level 8. HP: 48/48 MP: 9/9
  4740 | D:5      | Found a runed translucent door.
  4741 | D:5      | Noticed Crazy Yiuf
  4750 | D:5      | Killed Crazy Yiuf
  4755 | D:5      | Identified the +4 hammer of Wiod {freeze, rElec MP-9 Str+4}
  4823 | D:5      | Reached * piety under Fedhas
  4977 | D:5      | Reached skill level 5 in Ranged Weapons
  5077 | D:6      | Noticed Grinder
  5080 | D:6      | Killed Grinder
  5081 | D:6      | Reached skill level 5 in Fighting
  5195 | D:6      | Found an ancient bone altar of Kikubaaqudgha.
  5317 | D:6      | Reached XP level 9. HP: 54/54 MP: 10/10
  5450 | D:6      | Noticed Prince Ribbit
  5462 | D:6      | Killed Prince Ribbit
  5629 | D:6      | Reached skill level 5 in Dodging
  5760 | D:6      | Reached skill level 6 in Ranged Weapons
  6167 | D:6      | Reached ** piety under Fedhas
  6300 | D:7      | Noticed yey's ghost (novice OnGl)
  6407 | D:7      | Found a transporter.
  6437 | D:7      | Noticed a moth of wrath
  6444 | D:7      | Found a transporter.
  6542 | D:7      | Reached skill level 1 in Invocations
  7115 | D:7      | Noticed Maurice
  7290 | D:7      | Maurice stole a flux talisman
  7303 | D:7      | Killed Maurice
  7394 | D:7      | Reached XP level 10. HP: 61/61 MP: 12/12
  7719 | D:8      | Reached skill level 7 in Ranged Weapons
  7851 | D:8      | Noticed a boulder beetle
  7853 | D:8      | Noticed a cyan ugly thing
  7954 | D:8      | Found a transporter.
  7956 | D:8      | Noticed a tengu warrior
  7963 | D:8      | Noticed an entropy weaver
  7965 | D:8      | Noticed a centaur warrior
  7968 | D:8      | Found a transporter.
  7969 | D:8      | Noticed a two-headed ogre
  7976 | D:8      | an entropy weaver changed into a crocodile
  7978 | D:8      | a crocodile changed into an entropy weaver
  7978 | D:8      | Noticed an entropy weaver (shapeshifter)
  7982 | D:8      | an entropy weaver changed into a tarantella
  8018 | D:8      | Noticed a harpy
  8052 | D:8      | Found a shimmering blue altar of Sif Muna.
  8058 | D:8      | Found a bloodstained altar of Trog.
  8133 | D:8      | Noticed a deep elf pyromancer
  8162 | D:8      | Killed a deep elf pyromancer
  8327 | D:8      | Identified 2 scrolls of acquirement
  8332 | D:8      | Acquired 876 gold pieces
  8334 | D:8      | Acquired a manual of Evocations
  8446 | D:8      | Reached skill level 9 in Ranged Weapons
  8446 | D:8      | Reached skill level 5 in Throwing
  8446 | D:8      | Reached skill level 5 in Invocations
  8446 | D:8      | Reached XP level 11. HP: 69/69 MP: 13/16
  8516 | D:8      | Reached *** piety under Fedhas
  8710 | D:9      | Found Vietuepo's Armour Emporium.
  8719 | D:9      | Bought a +2 pair of gloves of strength for 279 gold pieces
  8726 | D:9      | Bought a +2 leather armour of cold resistance for 247 gold
                  | pieces
  8958 | D:9      | Noticed a boulder beetle
  8976 | D:9      | Killed a boulder beetle
  9003 | D:9      | Found Jorchypn's Mail-Order Catalogue.
  9191 | D:9      | Noticed a two-headed ogre
  9203 | D:9      | Killed a two-headed ogre
  9204 | D:9      | Reached skill level 10 in Ranged Weapons
  9276 | D:9      | Found an opulent altar of Gozag.
  9450 | D:10     | Entered Level 10 of the Dungeon
  9543 | D:10     | Reached **** piety under Fedhas
  9565 | D:10     | Reached XP level 12. HP: 60/77 MP: 17/17
  9634 | D:10     | Found a staircase to the Orcish Mines.
 10264 | D:10     | Reached skill level 10 in Fighting
 10329 | D:10     | Reached ***** piety under Fedhas
 10410 | Orc:1    | Entered Level 1 of the Orcish Mines
 10410 | Orc:1    | Noticed an ettin
 10419 | Orc:1    | Noticed an orc warlord
 10422 | Orc:1    | Reached skill level 11 in Ranged Weapons
 10432 | Orc:1    | Killed an orc warlord
 10433 | Orc:1    | Killed an ettin
 10638 | Orc:2    | Entered Level 2 of the Orcish Mines
 10943 | Orc:2    | Reached skill level 12 in Ranged Weapons
 11031 | Orc:2    | Found a bloodstained altar of Trog.
 11129 | Orc:2    | Noticed an orc high priest
 11256 | Orc:2    | Killed an orc high priest
 11360 | Orc:2    | Paralysed by an orc sorcerer for 3 turns
 11388 | Orc:2    | Noticed an orc high priest
 11396 | Orc:2    | Killed an orc high priest
 11598 | Orc:2    | Found a staircase to the Elven Halls.
 11682 | Orc:2    | Found Runki's General Store.
 11682 | Orc:2    | Found Fuwes's Jewellery Emporium.
 11682 | Orc:2    | Found Ofiechiyxt's Magic Scroll Emporium.
 11685 | Orc:2    | Found Xeonya Zeri's Distillery.
 11706 | Orc:2    | Bought a scroll of butterflies for 52 gold pieces
 11707 | Orc:2    | Bought a potion of degeneration for 14 gold pieces
 11707 | Orc:2    | Bought a potion of heal wounds for 70 gold pieces
 11707 | Orc:2    | Bought a potion of lignification for 42 gold pieces
 11708 | Orc:2    | Bought a potion of curing for 54 gold pieces
 11809 | Orc:2    | Noticed an orc high priest
 11814 | Orc:2    | Killed an orc high priest
 11857 | Orc:2    | Found Ewidwull's Armour Shoppe.
 12028 | Orc:2    | Noticed an orc high priest
 12195 | Orc:2    | Killed an orc high priest
 12629 | Orc:2    | Reached XP level 13. HP: 82/82 MP: 20/20
 12865 | Orc:1    | Reached skill level 5 in Armour
 13390 | Orc:2    | Bought a potion of ambrosia for 112 gold pieces
 13390 | Orc:2    | Bought a potion of haste for 140 gold pieces
 13390 | Orc:2    | Bought 2 potions of heal wounds for 140 gold pieces
 13391 | Orc:2    | Bought a scroll of enchant weapon for 97 gold pieces
 13391 | Orc:2    | Bought a scroll of blinking for 97 gold pieces
 13402 | Orc:2    | Bought a scroll of fog for 72 gold pieces
 13402 | Orc:2    | Bought a scroll of blinking for 135 gold pieces
 13404 | Orc:2    | Bought a scroll of identify for 26 gold pieces
 13404 | Orc:2    | Bought a scroll of identify for 26 gold pieces
 13408 | Orc:2    | Bought a scroll of teleportation for 39 gold pieces
 13410 | Orc:2    | Bought a wand of roots (2) for 86 gold pieces
 14134 | D:11     | Identified the +0 leather armour "Jompimer" {-Cast rElec
                  | rPois rF-}
 14158 | D:11     | Reached skill level 13 in Ranged Weapons
 14180 | D:11     | Found a staircase to the Lair.
 14627 | Lair:1   | Entered Level 1 of the Lair of Beasts
 14684 | Lair:1   | Found a dark tunnel.
 14700 | Volcano  | Entered a volcano
 14914 | Volcano  | Reached skill level 14 in Ranged Weapons
 15966 | Lair:1   | Found a shimmering altar of Xom.
 16026 | Lair:1   | Identified the +2 leather armour "Ofryrphud" {+Blink rF+
                  | Will+ Stlth-}
 16062 | Lair:1   | Reached ****** piety under Fedhas
 17088 | Lair:2   | Reached XP level 14. HP: 88/88 MP: 21/21
 17295 | Lair:2   | Reached skill level 10 in Evocations
 17377 | Lair:2   | Found a staircase to the Shoals.
 17599 | Lair:2   | Found a staircase to the Snake Pit.
 17991 | Lair:3   | Reached skill level 10 in Dodging
 18434 | Lair:3   | Found a runed translucent door.
 18435 | Lair:3   | Identified the +5 spear of the Final Decision {heavy, rN++
                  | Will+ Dex-4 SInv}
 18437 | Lair:3   | Noticed Sadonosm's ghost (journeyman DgSk)
 18557 | Lair:3   | Killed Sadonosm's ghost
 19399 | Lair:4   | Noticed Sonja
 19418 | Lair:4   | Killed Sonja
 19483 | Lair:4   | Identified the +1 chain mail of Fortitude {*Corrode rC+ rN+
                  | Stlth+}
 19642 | Lair:4   | Reached skill level 10 in Short Blades
 20095 | Lair:5   | Entered Level 5 of the Lair of Beasts
 20746 | Lair:5   | Reached XP level 15. HP: 92/96 MP: 22/22
 21218 | Lair:5   | Found a staircase to the Slime Pits.
 22317 | Lair:5   | Learned a level 4 spell: Dimensional Bullseye
 22319 | Lair:5   | Reached XP level 16. HP: 103/103 MP: 23/23
 23333 | D:12     | Found a runed translucent door.
 23336 | D:12     | Noticed croobank's ghost (journeyman FeSu)
 24306 | D:14     | Noticed Rupert
 24306 | D:14     | Found a gate to the Vaults.
 24398 | D:14     | Killed Rupert
 24639 | D:14     | Reached skill level 5 in Translocations
 24840 | D:14     | Reached XP level 17. HP: 34/108 MP: 24/24
 25448 | D:15     | Entered Level 15 of the Dungeon
 25528 | D:15     | Found a radiant altar of Vehumet.
 25628 | D:15     | Reached skill level 5 in Hexes
 26354 | D:15     | Found a staircase to the Depths.
 26733 | Shoals:1 | Entered Level 1 of the Shoals
 28185 | Shoals:2 | Reached skill level 5 in Spellcasting
 29153 | Shoals:3 | Killed by an exploding ballistomycete spore... set off by
                  | their pet

Illustrated notes

Levels and vault maps discovered:
D:1:      lemuel_arrival_lava_pool, layout_loops_corners,
          ebering_ecumenical_altar_ruins, grunt_decor_one_mirror,
          minmay_hexomino_u4
D:2:      layout_basic, grunt_decor_arrowhead, hangedman_decor_growths,
          grunt_decor_clamped, kennysheep_generic_room_5
D:3:      layout_basic, serial_shops, shop
D:4:      layout_rooms, mainiacjoe_overflow_brackets,
          minmay_temple_entry_slanted, lightli_ossuary_entry_decrepit_ruins,
          minivault_27, kennysheep_donut, uniq_blork_the_orc, uniq_eustachio
D:5:      layout_basic, skrybe_limestone_x, minmay_fractal_squares_5,
          uniq_crazy_yiuf_cottage
D:6:      layout_loops_ring, tgw_kikubaaqudgha, hangedman_decor_peaks_small,
          grunt_ministairs_10, uniq_grinder, uniq_prince_ribbit1
D:7:      layout_layer_cave, gammafunk_ghost_berserking_beasts,
          hangedman_decor_lopped, uniq_maurice
D:8:      gammafunk_sealed_arena, layout_basic,
          hellmonk_overflow_destroyed_library, guppyfry_early_elven_hall
D:9:      layout_big_octagon, marbit_many_paths, serial_shops, shop_fountains,
          monkooky_shop_mail_order
D:10:     layout_stronghold, hiddenorc2_lemuel, kennysheep_path_1,
          minmay_misc_feat_five, ldierk_geyser
D:11:     layout_stronghold, due_lair_maze_entry_diamond
D:12:     layout_basic, ebering_ghost_reflecting_pool, glass_columns_a,
          minmay_mirror_moons_of_madness
D:13:     layout_irregular_city
D:14:     layout_irregular_city, david_vaults_3, chequers_garden, uniq_rupert
D:15:     hangedman_depths_entry_try_elsewhere_first, layout_small_grid,
          nicolae_vehumet_altar_sigil
Temple:   minmay_temple_bridge_d
Lair:1:   layout_regular_city, basic_altar, serial_bayou, serial_bayou_pond_c,
          serial_bayou_lagoon_b, serial_bayou_pond_d, serial_bayou_pond_a,
          nicolae_volcano_entry_lava_flow, grunt_megastairs_4
Lair:2:   layout_concentric_octagons, nicolae_shoals_entry_flooding,
          guppyfry_snake_entry_garden, cheibrodos_lair_caveside_slide,
          grunt_megastairs_1, infiniplex_staircase_pool
Lair:3:   layout_gridlike, ebering_ghost_funeral_grove,
          nicolae_quartered_pool_medium, lemuel_fruit_tree
Lair:4:   layout_cave_pods, uniq_sonja
Lair:5:   minmay_lair_end_enchanted_forest, layout_cellular_growth,
          dpeg_slime_entry_enclosed, minmay_shattered_shrine
Shoals:1: layout_shoals
Shoals:2: layout_shoals, nicolae_shoals_bring_sunscreen
Shoals:3: layout_shoals, nicolae_shoals_gull_way
Orc:1:    layout_caves, basic_altar
Orc:2:    st_orc_mages, layout_caves, serial_shops,
          nicolae_shop_pleasant_corner_grove, basic_altar, mines4_lemuel

Skill      XL: |  1  2  3  4  5  6  7  8  9 10 11 12 13 14 15 16 17 |
---------------+----------------------------------------------------+-----
Short Blades   | 3 4 5 6 7 8 10 | 10.0
Dodging        | 2 3 4 5 6 9 11 12 | 12.7
Fighting       | 3 4 5 6 8 9 10 12 | 12.6
Ranged Weapons | 1 2 4 5 6 9 10 12 14 | 14.6
Stealth        | 5 6 |  6.0
Armour         | 1 3 4 6 |  6.0
Invocations    | 2 5 6 8 |  8.0
Throwing       | 5 |  5.2
Evocations     | 6 8 9 12 | 12.0
Spellcasting   | 2 4 5 |  5.7
Hexes          | 2 4 6 |  6.4
Translocations | 2 5 8 |  8.3

Action                     |  1- 3 |  4- 6 |  7- 9 | 10-12 | 13-15 | 16-18 || total
---------------------------+-------+-------+-------+-------+-------+-------++-------
  Melee: Dagger            |    70 |    89 |   215 |    67 |    16 |       ||   457
         Kick              |    17 |    33 |    83 |    41 |   316 |   147 ||   637
         Peck              |     5 |    21 |    41 |    43 |   189 |   101 ||   400
         Punch             |       |       |     6 |     2 |    16 |     5 ||    29
         Rapier            |       |       |     5 |    78 |   631 |   210 ||   924
         Short sword       |       |       |       |       |    20 |    25 ||    45
         Scimitar          |       |       |       |       |       |    48 ||    48
   Fire: Sling             |       |    42 |    76 |       |       |       ||   118
         Orcbow            |       |       |    94 |   355 |   633 |   438 ||  1520
         Hand cannon       |       |       |       |       |     2 |       ||     2
  Throw: Dart              |    17 |     5 |    20 |    25 |    14 |     8 ||    89
   Cast: Dimensional Bulls |       |       |       |       |       |     1 ||     1
 Invoke: Wall of Briars    |       |       |       |     6 |     2 |     2 ||    10
         Grow Ballistomyce |       |       |       |     7 |     9 |     5 ||    21
  Evoke: Wand              |       |       |     4 |     4 |     6 |     9 ||    23
         Lightning rod     |       |       |       |       |       |     7 ||     7
         Sack of spiders   |       |       |       |       |       |     1 ||     1
    Use: Scroll            |       |       |       |    23 |     8 |     3 ||    34
         Potion            |       |       |       |     1 |     6 |     4 ||    11
   Stab: Sleeping          |     2 |     4 |     1 |     2 |       |       ||     9
         Distracted        |       |       |     1 |       |       |       ||     1
         Confused          |       |       |       |       |     5 |     1 ||     6
         Paralysed         |       |       |       |       |     2 |       ||     2
         Petrified         |       |       |       |       |     1 |       ||     1
 Armour: Ring mail         |    23 |    24 |    24 |       |       |       ||    71
         Leather armour    |       |       |    47 |    72 |       |       ||   119
         Robe              |       |       |       |    40 |   223 |   139 ||   402
  Dodge: Dodged            |    40 |    38 |   176 |   203 |   722 |   452 ||  1631
